 Dungeon Crawl Stone Soup version 0.19.5 (webtiles) character file.

46 doot the Skirmisher (level 3, -2/29 HPs)
             Began as a Demonspawn Abyssal Knight on May 6, 2017.
             Was a Believer of Lugonu.
             Slain by Jessica
             ... wielding a +0 club
              (3 damage)
             ... on level 2 of the Dungeon.
             The game lasted 00:02:50 (1092 turns).

doot the Skirmisher (Demonspawn Abyssal Knight)     Turns: 1092, Time: 00:02:51

Health: -2/29      AC:  6    Str: 12    XL:     3   Next: 46%
Magic:  4/4        EV: 11    Int: 13    God:    Lugonu [**....]
Gold:   99         SH:  0    Dex: 13    Spells: 0 memorised, 2 levels left

rFire  . . .     SeeInvis .     a - +1 hand axe
rCold  . . .     Gourm    .     b - +0 leather armour
rNeg   . . .     Faith    .     (no shield)
rPois  .         Spirit   .     (helmet restricted)
rElec  .         Reflect  .     (no cloak)
rCorr  .         Harm     .     (no gloves)
MR     .....                    n - +0 pair of boots
Stlth  +.........               (no amulet)
                                (no ring)
                                (no ring)

@: no status effects
A: antennae 1, yellow scales 1
a: Depart the Abyss, Bend Space, Renounce Religion


You were on level 2 of the Dungeon.
You worshipped Lugonu.
Lugonu was pleased with you.
You were hungry.

You visited 1 branch of the dungeon, and saw 2 of its levels.
You visited the Abyss 1 time.

You collected 99 gold pieces.

Inventory:

Hand Weapons
 a - a +1 hand axe (weapon)
Armour
 b - a +0 leather armour (worn)
 n - a +0 pair of boots (worn)
Wands
 l - a wand of enslavement (5/24)
Scrolls
 g - a scroll of identify {unknown}
 i - 4 scrolls of remove curse {unknown}
 j - 2 scrolls of enchant weapon {unknown}
 k - a scroll of amnesia {unknown}
Potions
 d - a potion of agility {unknown}
 h - a potion of mutation {unknown}
 m - a potion of might {unknown}
Comestibles
 c - a bread ration
 f - a meat ration


   Skills:
 + Level 3.6 Fighting
 + Level 2.4 Axes
 + Level 2.2 Armour
 + Level 1.1 Dodging
 + Level 2.5 Invocations


You had 2 spell levels left.
You didn't know any spells.

Dungeon Overview and Level Annotations

Branches:
Dungeon (2/15)

Altars:

Annotations:
D:2 Jessica


Innate Abilities, Weirdness & Mutations

You have a pair of small antennae on your head.
You are partially covered in yellow scales. (AC +2)


Message History

Jessica blinks!
You see here a jackal corpse.
Jessica mumbles some strange words.
Jessica blinks!
Jessica mumbles some strange words.
Jessica blinks!
Jessica casts a spell at you. Pain shoots through your body!
* * * LOW HITPOINT WARNING * * *
Jessica hits you with a club.
* * * LOW HITPOINT WARNING * * *
You see here a jackal corpse.
You barely miss Jessica.
Jessica is heavily wounded.
Jessica hits you with a club.
* * * LOW HITPOINT WARNING * * *
You hit Jessica but do no damage.
Jessica is heavily wounded.
Jessica hits you with a club.
You die...

.# #.#.#.#......# #.#
#.###
..(####.#.#.##.#.###
#.###.#
...#.............#
#.....#
..........####.###
#######
.........#......#
##.#.....#.###..#
.........#..#..>#
...#.....#......#####
####.........@......#
..............@.#####
#.##......##.#### #
#.....# #..#
.............#
###..#######.# #.# .#
... .# ## .#


You could see Jessica.

Vanquished Creatures
  An adder (D:2)
  A worm (D:2)
  A dart slug (D:1)
  A leopard gecko (D:2)
  A bat (D:1)
  2 giant cockroaches (D:2)
  6 goblins
  2 hobgoblins (D:1)
  4 jackals (D:2)
  2 frilled lizards (D:1)
  7 kobolds
  2 rats
30 creatures vanquished.

Notes
Turn   | Place    | Note
-------+----------+-------------------------------------------
     0 | Abyss:1  | doot the Demonspawn Abyssal Knight began the quest for the Orb.
     0 | Abyss:1  | Reached XP level 1. HP: 18/18 MP: 2/2
     8 | D:1      | Escaped the Abyss
   197 | D:1      | Reached skill level 1 in Dodging
   203 | D:1      | Gained mutation: You are partially covered in yellow scales. (AC +2) [demonic ancestry]
   203 | D:1      | Reached XP level 2. HP: 20/24 MP: 3/3
   265 | D:1      | Reached ** piety under Lugonu
   761 | D:2      | Gained mutation: You have a pair of small antennae on your head. [demonic ancestry]
   761 | D:2      | Reached XP level 3. HP: 25/29 MP: 4/4
  1052 | D:2      | Noticed Jessica
  1091 | D:2      | HP: 1/29 [Jessica/club (3)]
  1092 | D:2      | Slain by Jessica

Skill      XL: |  1  2 |
---------------+-------+-----
Axes           | 2 |  2.4
Dodging        | 1 |  1.1
Armour         | 2 |  2.2
Fighting       | |  3.6
Invocations    | |  2.5

Action                   || total
-------------------------++-------
Melee: Hand axe          ||   106
  Use: Potion            ||     1
Armor: Leather armour    ||    37
Dodge: Dodged            ||    75
